 Dungeon Crawl Stone Soup version 0.31-a0-845-g9abc20d24f (webtiles) character file.

Game seed: 4435886109076848570

191 Kurtz the Chopper (level 5, -2/36 HPs)
             Began as an Octopode Fighter on Oct 1, 2023.
             Slain by a black bear (5 damage)
             ... on level 4 of the Dungeon.
             The game lasted 00:01:35 (2364 turns).

Kurtz the Chopper (Octopode Fighter)                Turns: 2364, Time: 00:01:35

Health: -2/36      AC:  1    Str: 16    XL:     5   Next: 70%
Magic:  5/5        EV: 13    Int: 10    God:
Gold:   121        SH:  4    Dex: 13    Spells: 4/4 levels left

rFire   + . .        a - +0 war axe
rCold   . . .        b - +0 buckler
rNeg    . . .        (helmet restricted)
rPois   .            f - amulet of regeneration
rElec   .            g - ring of protection from fire
rCorr   .            (no ring)
SInv    .            (no ring)
Will    .....        (no ring)
Stlth   ++           (no ring)
HPRegen 1.06/turn    (no ring)
MPRegen 0.09/turn    (no ring)
                     (no ring)

%: no passive effects
@: mighty
A: almost no armour, amphibious, 8 rings, camouflage 1, gelatinous body 1,
(nimble swimmer 1), tentacles
a: no special abilities


You were on level 4 of the Dungeon.
You visited 1 branch of the dungeon, and saw 4 of its levels.

You collected 121 gold pieces.

Inventory:

Hand Weapons
 a - a +0 war axe (weapon)
Armour
 b - a +0 buckler (worn)
Jewellery
 f - an amulet of regeneration (around mantle)
 g - a ring of protection from fire (left tentacle)
Scrolls
 d - 2 scrolls of identify {unknown}
 h - 2 scrolls of immolation {unknown}
 i - a scroll of summoning {unknown}
 k - a scroll of amnesia {unknown}
 n - a scroll of enchant weapon {unknown}
 o - a scroll of blinking {unknown}
Potions
 e - a potion of attraction
 j - a potion of berserk rage {unknown}
 l - a potion of enlightenment {unknown}
 m - a potion of lignification {unknown}


   Skills:
 - Level 3.0 Fighting
 * Level 5.7 Axes
 - Level 3.0 Dodging
 - Level 3.0 Shields


You had 4 spell levels left.
You didn't know any spells.
Your spell library contained the following spells:

 Spells                   Type           Power      Damage    Failure   Level
 Magic Dart               Conj           0%         1d3       43%         1
 Call Imp                 Summ           0%         N/A       58%         2
 Mephitic Cloud           Conj/Pois/Air  0%         N/A       82%         3


Dungeon Overview and Level Annotations

Branches:
Dungeon (4/15)
 Temple: D:4-7

Altars:
Cheibriados
Xom

Shops:
D:1 [

Annotations:
D:1 exclusion: downstairs
D:3 3 runed translucent doors, Kurtz's ghost, amateur OpFi


Innate Abilities, Weirdness & Mutations

You cannot wear most types of armour.
You are amphibious.
You can wear up to eight rings at the same time.
Your skin changes colour to match your surroundings (Stealth+).
Your rubbery body absorbs attacks. (AC +1, EV +1)
((You are camouflaged when in or above water. (Stealth+)))
You have tentacles for arms and can constrict up to eight enemies at once.


Message History

The sleepcap releases spores at you.
You wake up.
You are engulfed in a cloud of soporific spores!
You are unaffected.
You hit the sleepcap. You grab the sleepcap. You squeeze the sleepcap!
The sleepcap is severely damaged.
You constrict the sleepcap. The sleepcap closely misses you.
The ball python misses you. The ball python closely misses you.
You slash the sleepcap!
You destroy the sleepcap!
You barely miss the ball python. The ball python barely misses you.
The ball python grabs you. The ball python constricts you.
Unknown command.
You closely miss the ball python. Your grab misses the ball python.
You barely miss the black bear. The ball python bites you.
The ball python constricts you. The black bear closely misses you.
The black bear claws you. The black bear barely misses you.
The ball python bites you. The ball python constricts you.
Unknown command.
You closely miss the ball python. Your grab misses the ball python.
Your squeeze misses the ball python. You hit the black bear.
The black bear bites you but does no damage.
The black bear claws you. x2; The ball python bites you.
The ball python constricts you. The black bear bites you.
You block the black bear's attack. The black bear barely misses you.
You are too injured to fight recklessly!
Unknown command.
You are too injured to fight recklessly!
You closely miss the ball python. Your grab misses the ball python.
You slash the black bear! The ball python bites you.
The ball python constricts you. The black bear barely misses you.
The black bear claws you. x2; The ball python bites you.
The ball python constricts you.
* * * LOW HITPOINT WARNING * * *
Unknown command.
You slice the ball python!!
You kill the ball python!
You barely miss the black bear. The black bear bites you!
* * * LOW HITPOINT WARNING * * *
The black bear misses you. The black bear claws you.
You die...

#.##.........### #...
##.############.. #...#
#.......... #.### #.#..
#..##########+#.#.. .....
#..# ....#.# ..... #..#
...#.# ... . #..########
..#.# #.......... #h#.#
#.#########S#.#@#.#######
#.# ................. #.#
......#.#.###### #.#
......#.#.########## #.#
...................# #.#
..........########.# #.#
..........# #.# #.#
......##### #.# #.# ....
#.#


You could see a black bear.

Vanquished Creatures
  A jelly (D:4)
  A hound (D:4)
  A sleepcap (D:4)
  4 gnolls
  An adder (D:3)
  A worm (D:2)
  2 dart slugs (D:1)
  An orc (D:3)
  6 ball pythons
  5 endoplasms
  A giant cockroach (D:1)
  4 hobgoblins
  2 jackals (D:1)
  7 kobolds
  6 quokkas
  A bat (D:1)
  2 frilled lizards
  A goblin (D:1)
  6 rats (D:1)
53 creatures vanquished.

Notes
Turn   | Place    | Note
-------+----------+-------------------------------------------
     0 | D:1      | Kurtz the Octopode Fighter began the quest for the Orb.
     0 | D:1      | Reached XP level 1. HP: 16/16 MP: 1/1
    55 | D:1      | Reached XP level 2. HP: 21/21 MP: 2/2
   125 | D:1      | Reached skill level 3 in Axes
   316 | D:1      | Found Wivvoug's Antique Armour Emporium.
   398 | D:1      | Reached XP level 3. HP: 22/26 MP: 3/3
   682 | D:2      | HP: 1/26 [gnoll/+0 club (8)]
   757 | D:2      | Reached skill level 4 in Axes
   874 | D:2      | Reached XP level 4. HP: 24/31 MP: 4/4
  1112 | D:2      | Found a snail-covered altar of Cheibriados.
  1561 | D:3      | Found a runed translucent gate.
  1561 | D:3      | Found a runed translucent gate.
  1561 | D:3      | Found a runed translucent gate.
  1564 | D:3      | Noticed Kurtz's ghost (amateur OpFi)
  1668 | D:3      | Found a shimmering altar of Xom.
  1970 | D:3      | Found a faded altar of an unknown god.
  2086 | D:4      | Reached skill level 5 in Axes
  2086 | D:4      | Reached XP level 5. HP: 20/36 MP: 5/5
  2350 | D:4      | Noticed a black bear
  2364 | D:4      | Slain by a black bear

Illustrated notes

Levels and vault maps discovered:
D:1:      spicycebolla_green_bress_n_ham_2, layout_basic, serial_shops,
          nicolae_shop_tiny_real_fake_doors
D:2:      layout_rooms, basic_altar
D:3:      layout_loops_ring, mainiacjoe_overflow_small_starburst,
          shapermc_ecumenical_altar_mp_urbaneastern, ebering_ghost_rock_garden
D:4:      layout_basic, jmf_multi_god_temple, skrybe_limestone_x

Skill      XL: |  1  2  3  4 |
---------------+-------------+-----
Axes           | 3 4 5 |  5.7
Fighting       | |  3.0
Dodging        | |  3.0
Shields        | |  3.0

Action                     |  1- 3 |  4- 6 || total
---------------------------+-------+-------++-------
  Melee: War axe           |    52 |    49 ||   101
         Constrict         |    14 |     9 ||    23
         Tentacles         |     9 |    10 ||    19
         Punch             |     2 |       ||     2
    Use: Potion            |     1 |     3 ||     4
   Stab: Sleeping          |     3 |     4 ||     7
         Distracted        |       |     1 ||     1
 Armour: Skin              |    24 |    32 ||    56
  Dodge: Dodged            |    39 |    32 ||    71
  Block: Buckler           |     7 |     6 ||    13

Table legend: (Time is in decaauts)
 A = Elapsed time spent in this place.
 B = Non-inter-level travel time spent in this place.
 C = Inter-level travel time spent in this place.
 D = Time resting spent in this place.
 E = Time spent auto-exploring this place.
 F = Levels seen in this place.
 G = Mean time per level.
                   A        B        C        D        E       F      G
               +--------+--------+--------+--------+--------+-----+--------+
         Total |   2399 |   2280 |    119 |    122 |   1757 |   4 |  599.8 |
       Dungeon |   2399 |   2280 |    119 |    122 |   1757 |   4 |  599.8 |
               +--------+--------+--------+--------+--------+-----+--------+

Top non-repeatable levels by time:
     D:1: 844 daAuts
     D:3: 763 daAuts
     D:2: 474 daAuts
     D:4: 317 daAuts
